 Dungeon Crawl Stone Soup version 0.28-a0-1524-ge72afd5fc6 (webtiles) character file.

Game seed: 16988382225132401543

889 fragbeetle the Insei (level 7, -2/68 HPs)
             Began as a White Draconian Transmuter on Jan 17, 2022.
             Slain by a killer bee (5 damage)
             ... on level 4 of the Dungeon.
             The game lasted 00:11:01 (5412 turns).

fragbeetle the Insei (White Draconian Transmuter)   Turns: 5412, Time: 00:11:02

Health: -2/68      AC:  6    Str: 12    XL:     7   Next: 77%
Magic:  7/10       EV: 10    Int: 13    God:
Gold:   288        SH:  0    Dex: 14    Spells: 2/10 levels left

rFire   . . .      SeeInvis .     - Unarmed
rCold   + + +      Faith    .   (shield currently unavailable)
rNeg    . . .      Spirit   .   (armour unavailable)
rPois   +          Reflect  .   (helmet currently unavailable)
rElec   +          Harm     .   (cloak currently unavailable)
rCorr   +          Rampage  .   (gloves currently unavailable)
Will    .....                   (boots currently unavailable)
Stlth   +.........              (no amulet)
HPRegen 0.21/turn               (no ring)
MPRegen 0.12/turn               (no ring)

@: brilliant, lethally poisoned (-2 -> -3), ice-form, resistant
A: freezing attack, amphibious, boosted hp, (breathe frost), AC +6, large,
unfitting armour, (cold resistance 1), (cold-blooded), sense surroundings 1
a: End Transformation


You were on level 4 of the Dungeon.
You were a creature of crystalline ice.
You visited 1 branch of the dungeon, and saw 5 of its levels.
You also visited: Sewer.

You collected 288 gold pieces.

Inventory:

Hand Weapons
 q - a +0 hunting sling
Missiles
 b - 112 stones
 c - 5 poisoned darts
 j - 58 sling bullets
 r - 3 boomerangs of dispersal
 y - a throwing net
Armour
 m - a +2 pair of boots (melded)
 s - a +0 pair of gloves (melded)
 u - a +0 buckler
Jewellery
 g - an amulet of faith
Scrolls
 d - a scroll of enchant armour {unknown}
 h - a scroll of blinking {unknown}
 k - 4 scrolls of teleportation {unknown}
 l - 3 scrolls of identify {unknown}
 n - a scroll of enchant weapon {unknown}
 o - a scroll of vulnerability {unknown}
 p - a scroll of fog {unknown}
 t - 2 scrolls of immolation {unknown}
 x - 2 scrolls of amnesia {unknown}
 C - a scroll of noise {unknown}
Potions
 a - a potion of haste
 i - a potion of mutation
 v - a potion of curing {unknown}
 w - a potion of attraction
 z - a potion of cancellation {unknown}
 A - a potion of degeneration {unknown}
 B - a potion of flight {unknown}


   Skills:
 + Level 3.3 Fighting
 + Level 3.1 Dodging
 * Level 5.2 Unarmed Combat
 - Level 2.0 Spellcasting
 * Level 4.7 Transmutations
 * Level 3.0 Ice Magic
 + Level 3.4 Poison Magic


You had 2 spell levels left.
You knew the following spells:

 Your Spells              Type           Power      Damage    Failure   Level
a - Beastly Appendage     Tmut           40%        N/A       3%          1
b - Spider Form           Tmut/Pois      18%        N/A       14%         3
c - Ice Form              Ice/Tmut       17%        N/A       45%         4

Your spell library contained the following spells:

 Spells                   Type           Power      Damage    Failure   Level
 Wereblood                Tmut           20%        N/A       5%          2


Dungeon Overview and Level Annotations

Branches:
Dungeon (5/15)              Sewer (visited)
 Temple: D:4-7

Altars:
Ashenzari
Kikubaaqudgha
Qazlal
Trog

Shops:
D:1 (


Innate Abilities, Weirdness & Mutations

You are a creature of crystalline ice.
You have a powerful freezing melee attack.
You are amphibious.
Your maximum health is increased.
Your armour is entirely melded.
You are incapable of wielding weapons or throwing items.
((You can breathe waves of freezing cold which knock back foes.))
((Your icy white scales are hard. (AC +6)))
You cannot fit into any form of body armour.
((Your flesh is cold resistant. (rC+)))
((You are cold-blooded and may be slowed by cold attacks.))
You passively map a small area around you.


Message History

The killer bee poisons you! The killer bee stings you.
The killer bee closely misses you.
You barely miss the killer bee.
You feel very sick. The killer bee stings you.
The killer bee stings you but does no damage.
The killer bee barely misses you. The killer bee closely misses you.
You closely miss the killer bee.
You feel sick.
The killer bee stings you but does no damage.
The killer bee stings you. The killer bee barely misses you.
The killer bee stings you but does no damage.
You closely miss the killer bee.
You feel sick. The killer bee closely misses you. x3
You feel sick. The killer bee barely misses you. The killer bee stings you.
You are more poisoned.
The killer bee poisons you! The killer bee stings you.
You feel sick. The killer bee misses you. x2
The killer bee closely misses you.
You feel sick.
You feel sick. The killer bee stings you.
You hit the killer bee. You freeze the killer bee.
The killer bee is moderately wounded.
You feel sick. The killer bee stings you. The killer bee stings you!
* * * LOW HITPOINT WARNING * * *
You closely miss the killer bee.
The killer bee is moderately wounded.
The killer bee stings you!
* * * LOW HITPOINT WARNING * * *
You punch the killer bee! You freeze the killer bee.
The killer bee is almost dead.
You feel sick. The killer bee stings you.
* * * LOW HITPOINT WARNING * * *
The killer bee barely misses you.
It was a potion of resistance.
You feel protected.
You feel sick. The killer bee barely misses you. x2
It was a potion of brilliance.
You feel clever all of a sudden.
You feel sick. The killer bee barely misses you. The killer bee stings you.
You die...

#.####............... #.#
###.......#.#### #.#
#.......#.#... #.# #.......#.#.#.
##.## #.......#.#.#. #...###
#.......#...#. #.#y.y#
#.......#####. #.>.#y#
#.##.#........
#####Y###.##.#..#####. #########
#.............#...#. #.......#
#.#.#...#.....#.#.#. #.#####.#
#)#.#..)#.....#.#.#. .....##.#
#.#...........#.#...
#.##.##.######.###..##.....#.####
#.##............##..##.....#.....
#......[#.##.#...........#.#.####
#########.##....######...#.#.#...


You could see 2 killer bees.

Vanquished Creatures
  A water moccasin (Sewer)
  2 necrophages (D:5)
  A phantom (D:4)
  A scorpion (D:4)
  A water moccasin skeleton (D:4)
  2 hounds (D:4)
  A bullfrog zombie (D:4)
  A centaur skeleton (D:5)
  A killer bee zombie (D:5)
  A hound skeleton (D:4)
  9 adders
  5 gnolls
  2 river rats (D:5)
  A white imp (D:4)
  An ufetubus (D:4)
  4 worms
  4 dart slugs
  6 orcs
  8 endoplasms
  6 giant cockroaches
  9 goblins
  3 hobgoblins
  5 quokkas
  7 ball pythons
  11 bats
  A frilled lizard (D:2)
  11 kobolds
  4 rats
109 creatures vanquished.

Notes
Turn   | Place    | Note
-------+----------+-------------------------------------------
     0 | D:1      | fragbeetle the Draconian Transmuter began the quest for the
                  | Orb.
     0 | D:1      | Reached XP level 1. HP: 16/16 MP: 3/3
   235 | D:1      | Reached XP level 2. HP: 23/23 MP: 3/5
   415 | D:1      | Found a faded altar of an unknown god.
   538 | D:1      | Found Pahoawku's Weapon Boutique.
   996 | D:2      | Reached XP level 3. HP: 28/28 MP: 4/6
  1000 | D:2      | Learned a level 3 spell: Spider Form
  1334 | D:2      | Reached XP level 4. HP: 22/36 MP: 5/7
  1780 | D:2      | Found an ancient bone altar of Kikubaaqudgha.
  2109 | D:3      | Reached skill level 1 in Poison Magic
  2733 | D:3      | Found a bloodstained altar of Trog.
  2903 | D:3      | Reached XP level 5. HP: 41/41 MP: 6/8
  2914 | D:3      | Learned a level 4 spell: Ice Form
  3409 | D:4      | Reached skill level 4 in Unarmed Combat
  3426 | D:4      | Reached XP level 6. HP: 15/50 MP: 9/9
  3993 | D:4      | Reached skill level 1 in Ice Magic
  4370 | D:5      | Entered Level 5 of the Dungeon
  4636 | D:5      | Your scales start taking on an icy white colour.
  4636 | D:5      | Reached XP level 7. HP: 57/57 MP: 7/10
  4636 | D:5      | Gained mutation: Your flesh is cold resistant. (rC+) [White
                  | Draconian growth]
  4665 | D:5      | Found a stormy altar of Qazlal.
  4666 | D:5      | Found a broken altar of Ashenzari.
  4777 | D:5      | Reached skill level 5 in Unarmed Combat
  4828 | D:5      | Found a glowing drain.
  4846 | Sewer    | Entered a sewer
  4990 | Sewer    | Gained mutation: You passively map a small area around you.
                  | [potion of mutation]
  5412 | D:4      | HP: 3/68 [poisoned by a killer bee]
  5412 | D:4      | Slain by a killer bee

Illustrated notes

Levels and vault maps discovered:
D:1:      minmay_arrival_radiant_lines, layout_loops_ring,
          ebering_ecumenical_altar_box, serial_shops, nicolae_shop_stone,
          roderic_st_hans_cross
D:2:      layout_loops_corners, basic_altar
D:3:      layout_basic, trog_antimagical, minmay_pentangle
D:4:      layout_loops_cross, roderic_lattice_a
D:5:      layout_rooms, grunt_temple_overflow_open,
          nicolae_ru_the_path_less_chosen, gup_sewer_entry_bubbles

Skill      XL: |  1  2  3  4  5  6  7 |
---------------+----------------------+-----
Dodging        | 2 3 |  3.1
Fighting       | 2 3 |  3.3
Poison Magic   | 1 2 3 |  3.4
Transmutations | 3 4 |  4.7
Unarmed Combat | 4 5 |  5.2
Ice Magic      | 1 3 |  3.0
Spellcasting   | |  2.0

Action                   |  1- 3 |  4- 6 |  7- 9 || total
-------------------------+-------+-------+-------++-------
Melee: Unarmed           |    63 |   202 |    78 ||   343
       Kick              |    14 |    47 |    13 ||    74
       Headbutt          |    11 |    26 |     8 ||    45
       Tailslap          |    10 |    22 |     3 ||    35
       Punch             |     2 |     6 |     2 ||    10
 Cast: Beastly Appendage |    22 |    39 |     7 ||    68
       Spider Form       |       |     2 |     5 ||     7
       Ice Form          |       |       |     1 ||     1
 Abil: End Transformatio |       |     1 |       ||     1
       Breathe Frost     |       |       |     1 ||     1
  Use: Potion            |       |       |     5 ||     5
 Stab: Sleeping          |       |     1 |       ||     1
Armor: Skin              |    16 |    54 |    29 ||    99
Dodge: Dodged            |    25 |   123 |    96 ||   244

Table legend: (Time is in decaauts)
 A = Elapsed time spent in this place.
 B = Non-inter-level travel time spent in this place.
 C = Inter-level travel time spent in this place.
 D = Time resting spent in this place.
 E = Time spent auto-exploring this place.
 F = Levels seen in this place.
 G = Mean time per level.
                   A        B        C        D        E       F      G
               +--------+--------+--------+--------+--------+-----+--------+
         Total |   5431 |   5358 |     73 |   1191 |   2916 |   6 |  905.2 |
       Dungeon |   5044 |   4971 |     73 |    920 |   2916 |   5 | 1008.8 |
         Sewer |    386 |    386 |      0 |    271 |      0 |   1 |  386.0 |
               +--------+--------+--------+--------+--------+-----+--------+

Top non-repeatable levels by time:
     D:2: 1537 daAuts
     D:4: 1334 daAuts
     D:3: 990 daAuts
     D:1: 750 daAuts
     D:5: 432 daAuts
   Sewer: 386 daAuts
